 Dungeon Crawl Stone Soup version 0.29-a0-653-gd47aff6735 (webtiles) character file.

Game seed: 15628954243935307726

38 zeratav the Sneak (level 3, 0/17 HPs)
             Began as a Spriggan Arcane Marksman on June 21, 2022.
             Succumbed to an adder's poison
             ... on level 2 of the Dungeon.
             The game lasted 00:02:16 (971 turns).

zeratav the Sneak (Spriggan Arcane Marksman)         Turns: 971, Time: 00:02:16

Health: 0/17       AC:  2    Str:  6    XL:     3   Next: 25%
Magic:  6/6        EV: 17    Int: 14    God:
Gold:   28         SH:  0    Dex: 17    Spells: 3/4 levels left

rFire   . . .      SeeInvis +   a - +0 shortbow {bow}
rCold   . . .      Faith    .   (shield currently unavailable)
rNeg    . . .      Spirit   .   b - +0 robe
rPois   .          Reflect  .   (helmet restricted)
rElec   .          Harm     .   g - scarf {repulsion}
rCorr   .          Rampage  .   (gloves unavailable)
Will    .....                   (boots unavailable)
Stlth   +++.......              (no amulet)
HPRegen 0.05/turn               (no ring)
MPRegen 0.10/turn               (no ring)

@: lethally poisoned (0 -> -5), repel missiles, very quick
A: very small, no large weapons, unfitting armour, see invisible, speed 3
a: no special abilities


You were on level 2 of the Dungeon.
You visited 1 branch of the dungeon, and saw 2 of its levels.

You collected 28 gold pieces.


Innate Abilities, Weirdness & Mutations

You are very small and have problems with some larger weapons.
You are too small for most types of armour.
You have supernaturally acute eyesight. (SInv)
You cover ground extremely quickly. (Speed+++)


   Skills:
 - Level 0.7 Fighting
 - Level 2.4 Bows
 - Level 2.6 Dodging
 + Level 4.8 Stealth
 - Level 1.3 Spellcasting
 - Level 3.6 Hexes


You had 3 spell levels left.
You knew the following spells:

 Your Spells              Type           Power      Damage    Failure   Level
a - Slow                  Hex            44%        N/A       6%          1

Your spell library contained the following spells:

 Spells                   Type           Power      Damage    Failure   Level
 Inner Flame              Hex/Fire       6%         N/A       36%         3
 Portal Projectile        Hex/Tloc       12%        N/A       36%         3
 Cause Fear               Hex            5%         N/A       50%         4

Inventory:

Hand Weapons
 a - a +0 shortbow (weapon) {bow}
Armour
 b - a +0 robe (worn)
 g - a scarf of repulsion (worn)
   (You found it on level 1 of the Dungeon)
Jewellery
 i - a ring of resist corrosion
   (You found it on level 2 of the Dungeon)
Scrolls
 c - 2 scrolls of vulnerability {!r!r}
 d - a scroll of fear {unknown}
 f - a scroll of teleportation {unknown}
Potions
 e - a potion of magic {unknown}
 h - 2 potions of curing {unknown}
 j - a potion of haste {unknown}

Dungeon Overview and Level Annotations

Branches:
Dungeon (2/15) Zot: 11288

Altars:

#.#.##.##
#.#.....# ###
#.#.....# ..#
#....8..# ..#
#.......# ..#
#.#.....#
..################
#.#..#.##
..#...........S..#
#.#..#.#
....############@#
######.#..#.#
##### #.#
#.......).#.. #.#
#<####.#.####
#.########.#....#
#..##....#.####.#
#..##.##.#.####.#
#
#.........>.....#
#
#..##.#..########
## #..##.#..#


You could see an adder.


Message History

There are no items here.
Things that are here:
a +0 club {mace}; 2 stones {throwing} A rat comes into view.
A rat is nearby!
You shoot an arrow.
The arrow hits the rat but does no damage.
You shoot an arrow.
The arrow hits the rat but does no damage.
The rat barely misses you.
You shoot an arrow. The arrow closely misses the rat.
The rat completely misses you.
A rat is nearby!
You shoot an arrow. The arrow hits the rat.
You kill the rat!
No target in view!
There is a stone staircase leading down here.
A dart slug comes into view.
You shoot an arrow. The arrow hits the dart slug!
The dart slug launches a dart at you.
The slug dart is repelled.
You shoot an arrow. The arrow hits the dart slug.
You kill the dart slug!
No target in view!
No target in view!
You open the door.
There is an open door here.
An adder comes into view.
An adder is nearby!
You shoot an arrow. The arrow hits the adder.
The adder hisses angrily.
You shoot an arrow. The arrow misses the adder.
You shoot an arrow. The arrow barely misses the adder.
You shoot an arrow. The arrow hits the adder.
The adder closely misses you.
You shoot an arrow. The arrow barely misses the adder.
The adder bites you.
You are poisoned.
The adder poisons you! The adder closely misses you.
HP[-4]
You take 4 damage, and now have 13/17 hp.
MASSIVE DAMAGE!! (PAUSE)
You shoot an arrow. The arrow misses the adder.
You feel sick. The adder closely misses you. The adder misses you.
HP[-2]
You take 2 damage, and now have 11/17 hp.
You are too injured to fight recklessly!
You are too injured to fight recklessly!
Shoot: a) +0 shortbow {bow}
Press: ? - help, Q - select action, (/) - cycle Shift-Dir - straight line, f/p - adder
Aim: an adder (heavily wounded, 42% to hit)
You shoot an arrow. The arrow barely misses the adder.
You feel sick. The adder bites you.
* * * LOW HITPOINT WARNING * * *
The adder bites you.
* * * LOW HITPOINT WARNING * * *
HP[-6]
You take 6 damage, and now have 5/17 hp.
MASSIVE DAMAGE!! (PAUSE) Shoot: a) +0 shortbow {bow}
Press: ? - help, Q - select action, (/) - cycle Shift-Dir - straight line, f/p - adder
Aim: an adder (heavily wounded, 42% to hit)
You shoot an arrow. The arrow barely misses the adder.
You feel sick. The adder closely misses you.
HP[-1]
You take 1 damage, and now have 4/17 hp.
You feel sick.
HP[-1]
You take 1 damage, and now have 3/17 hp.
You feel sick.
You are no longer poisoned.
There is an open door here.
HP[-1]
You take 1 damage, and now have 2/17 hp.
HP[+1] Shoot: a) +0 shortbow {bow}
Press: ? - help, Q - select action, (/) - cycle Shift-Dir - straight line, f/p - adder
Aim: an adder (heavily wounded, 42% to hit)
You shoot an arrow. The arrow closely misses the adder.
Shoot: a) +0 shortbow {bow}
Press: ? - help, Q - select action, (/) - cycle Shift-Dir - straight line, f/p - adder
Aim: an adder (heavily wounded, 42% to hit)
You shoot an arrow. The arrow hits the adder.
Shoot: a) +0 shortbow {bow}
Press: ? - help, Q - select action, (/) - cycle Shift-Dir - straight line, f/p - adder
Aim: an adder (severely wounded, 42% to hit)
You shoot an arrow. The arrow closely misses the adder.
Shoot: a) +0 shortbow {bow}
Press: ? - help, Q - select action, (/) - cycle Shift-Dir - straight line, f/p - adder
Aim: an adder (severely wounded, 42% to hit)
You shoot an arrow. The arrow closely misses the adder.
The adder closely misses you. The adder bites you.
* * * LOW HITPOINT WARNING * * *
You are lethally poisoned!
The adder poisons you!
HP[-1]
You take 1 damage, and now have 2/17 hp.
* * * LOW HITPOINT WARNING * * *
You feel sick.
HP[-1]
You take 1 damage, and now have 1/17 hp.
You die...

Skill      XL: |  1  2 |
---------------+-------+-----
Stealth        | 2 4 |  4.8
Fighting       | |  0.7
Bows           | |  2.4
Dodging        | |  2.6
Spellcasting   | |  1.3
Hexes          | |  3.6

Action                   || total
-------------------------++-------
 Fire: Shortbow          ||    79
 Cast: Slow              ||     2
Armor: Robe              ||     3
Dodge: Dodged            ||    41
       Repelled          ||     1

Levels and vault maps discovered:
D:1:      minmay_arrival_wavy_path, layout_loops_ring
D:2:      minmay_chambers_of_twos, layout_basic, serial_undead, serial_undead_d,
          serial_undead_b, serial_undead_e, serial_undead_d,
          shapermc_ecumenical_altar_totnotflames, minmay_stone_trees_small,
          chequers_big_river

Notes
Turn   | Place    | Note
-------+----------+-------------------------------------------
     0 | D:1      | zeratav the Spriggan Arcane Marksman began the quest for
                  | the Orb.
     0 | D:1      | Reached XP level 1. HP: 9/9 MP: 3/3
     0 | D:1      | magus.rc [v1.9.6]
    91 | D:1      | Reached skill level 1 in Stealth
   189 | D:1      | Reached skill level 2 in Stealth
   204 | D:1      | Reached XP level 2. HP: 14/14 MP: 5/5
   224 | D:1      | Reached skill level 3 in Stealth
   493 | D:1      | Reached skill level 4 in Stealth
   778 | D:2      | Reached XP level 3. HP: 17/17 MP: 6/6
   939 | D:2      | HP: 4/17 [poisoned by an adder]
   969 | D:2      | HP: 2/17 [adder (1)]
   971 | D:2      | Succumbed to an adder's poison

Vanquished Creatures
  An adder zombie (D:2)
  An adder skeleton (D:2)
  A dart slug (D:2)
  2 bats (D:1)
  An endoplasm (D:1)
  3 goblins (D:1)
  4 jackals (D:1)
  3 kobolds
  3 quokkas (D:1)
  A ball python skeleton (D:2)
  5 frilled lizards (D:1)
  4 rats
29 creatures vanquished.

Vanquished Creatures (others)
  2 plants (D:2)
2 creatures vanquished.

Grand Total: 31 creatures vanquished

Table legend:
 A = Non-vault XP
 B = Vault XP
 C = Vault XP percentage of total XP
 D = Non-vault monster count
 E = Vault monster count
 F = Vault count percentage of total count
                 A         B        C        D         E       F
            +---------+---------+-------+---------+---------+-------
      Total |      43 |      12 |  21.8 |      26 |       3 |  10.3
            +---------+---------+-------+---------+---------+-------
        D:1 |      37 |       0 |   0.0 |      23 |       0 |   0.0
        D:2 |       6 |      12 |  66.7 |       3 |       3 |  50.0
            +---------+---------+-------+---------+---------+-------

Illustrated notes

Table legend:
 A = Kills in this place as a percentage of kills in entire the game.
 B = Kills by you in this place as a percentage of kills by you in the entire game.
 C = Kills by friends in this place as a percentage of kills by friends in the entire game.
 D = Other kills in this place as a percentage of other kills in the entire game.
 E = Experience gained in this place as a percentage of experience gained in the entire game.
 F = Experience gained in this place divided by the number of levels of this place that you have seen.
                   A       B       C       D       E      F
               +-------+-------+-------+-------+-------+----------------------
         Total | 100.0 | 100.0 |   N/A |   N/A | 100.0 |  27.5
       Dungeon | 100.0 | 100.0 |   N/A |   N/A | 100.0 |  27.5
               +-------+-------+-------+-------+-------+----------------------

Table legend: (Time is in decaauts)
 A = Elapsed time spent in this place.
 B = Non-inter-level travel time spent in this place.
 C = Inter-level travel time spent in this place.
 D = Time resting spent in this place.
 E = Time spent auto-exploring this place.
 F = Levels seen in this place.
 G = Mean time per level.
                   A        B        C        D        E       F      G
               +--------+--------+--------+--------+--------+-----+--------+
         Total |    711 |    695 |     16 |     12 |    511 |   2 |  355.5 |
       Dungeon |    711 |    695 |     16 |     12 |    511 |   2 |  355.5 |
               +--------+--------+--------+--------+--------+-----+--------+

Top non-repeatable levels by time:
     D:1: 540 daAuts
     D:2: 171 daAuts
